Map: Катализатор РВ

Players

IIIIIIIIIIII - Winner!

  • Race: Protoss Protoss
  • League: Master
  • Spawn Location: 11:00

Shirlineyn - Winner!

  • Race: Protoss Protoss
  • League: Silver
  • Spawn Location: 5:00

ИИ 2 (новичок)

  • Race: Zerg Zerg

VOD

Have the link to the VOD?

Description

Time

  • Played on: July 23, 2018, 11:18 a.m.
  • Length: 7:03
Show
View Real Time Build Order
Export as new Build Order

IIIIIIIIIIII Protoss - Winner!

Build Orders: 1 Gate Expand, Zealot Archon 

Get SALT Encoding   

  12  0:01  Probe  
  13  0:13  Probe  
  14  0:22  Pylon  
  14  0:25  Probe  
  15  0:38  Probe  
  15  0:40  Gateway  
  16  0:46  Probe  
  16  0:50  Assimilator  
  16  0:54  Probe  
  18  1:06  Probe  
  20  1:18  Probe  
  20  1:27  Nexus  
  20  1:37  Cybernetics Core  
  20  1:42  Assimilator  
  20  1:46  Probe  
  21  1:54  Pylon  
  21  1:58  Probe  
  22  2:05  Stalker  
  22  2:10  Probe  
  25  2:22  Twilight Council  
  25  2:24  Probe  
  25  2:27  Warp Gate  
  26  2:34  Adept  
  26  2:36  Probe  
  29  2:40  Probe  
  30  2:48  Probe  
  31  2:52  Probe  
  31  2:58  Robotics Facility  
  32  3:01  Probe  
  33  3:06  Charge  
  33  3:10  Probe  
  34  3:13  Probe  
  34  3:18  Shield Battery  
  35  3:23  Probe  
  35  3:25  Probe  
  37  3:29  Pylon  
  37  3:36  Probe  
  37  3:37  Probe  
  39  3:41  Gateway  
  39  3:52  Gateway  
  37  3:57  Gateway  
  37  3:59  Probe  
  37  4:00  Probe  
  39  4:05  Assimilator  
  39  4:10  Observer  
  39  4:11  Probe  
  39  4:12  Dark Shrine, Probe  
  39  4:13  Pylon  
  42  4:21  Warp Prism  
  42  4:23  Probe  
  44  4:24  Probe  
  44  4:26  Pylon  
  46  4:48  Warp Prism  
  46  4:54  Zealot x3  
  46  4:58  Zealot  
  56  5:10  Pylon  
  56  5:12  Pylon  
  56  5:36  Zealot  
  56  5:37  Zealot x3  
  64  5:45  Immortal  
  68  5:57  Dark Templar x4  
  80  6:38  Nexus  
  80  6:40  Pylon  
  80  6:50  Gateway  
  80  6:52  Gateway  
  80  6:53  Archon x2  
Show
View Real Time Build Order
Export as new Build Order

Shirlineyn Protoss - Winner!

Build Orders:  

Get SALT Encoding   

  12  0:01  Drone  
  13  0:12  Overlord  
  13  0:17  Drone  
  14  0:44  Hatchery  
  14  0:45  Drone  
  14  1:05  Spawning Pool  
  14  1:06  Extractor  
  14  1:09  Drone  
  13  1:16  Drone  
  14  1:21  Overlord  
  14  1:52  Zergling x2  
  14  1:53  Queen  
  17  1:55  Zergling x2  
  17  1:59  Roach Warren  
  17  2:04  Drone  
  18  2:09  Extractor  
  18  2:13  Drone  
  18  2:18  Zergling x2  
  19  2:23  Drone  
  20  2:30  Drone  
  21  2:37  Drone  
  22  2:45  Drone  
  23  2:52  Drone  
  24  2:59  Drone  
  27  3:05  Roach  
  27  3:06  Drone  
  27  3:12  Overlord  
  28  3:17  Drone  
  29  3:24  Drone  
  30  3:31  Drone  
  31  3:39  Drone  
  32  3:46  Drone  
  33  3:49  Overlord  
  33  3:52  Roach  
  33  3:53  Drone  
  35  4:00  Lair, Drone  
  36  4:10  Drone  
  37  4:18  Drone  
  38  4:25  Drone  
  39  4:32  Drone  
  40  4:39  Drone, Overlord  
  40  4:40  Roach  
  43  4:46  Drone  
  44  4:53  Drone  
  44  4:58  Overseer  
  45  5:01  Drone, Overseer  
  46  5:08  Drone  
  46  5:09  Extractor  
  46  5:15  Drone  
  46  5:16  Extractor  
  46  5:23  Drone  
  46  5:27  Roach  
  49  5:30  Drone  
  50  5:37  Drone  
  51  5:42  Overlord  
  51  5:44  Drone  
  46  5:51  Drone  
  46  5:55  Zergling x2  
  39  5:58  Drone  
  38  6:06  Drone  
  36  6:13  Drone  
  23  6:21  Drone  
  23  6:24  Zergling x2  
  7  6:28  Drone  
  8  6:35  Drone  
  6  6:42  Drone  
  4  6:50  Drone  
Show
View Real Time Build Order
Export as new Build Order

ИИ 2 (новичок) Zerg 

Build Orders:  

Get SALT Encoding   

Tags
 
Add a new tag
Caveats
  • Supply blocks, unpowered buildings, or Contaminate may cause inaccurate times.
  • Supply counts are checked every 10 seconds.